Match 34155617
Unlisted

Match 34155617
End
Construct Section Command Post
Royal Engineer Section
Infantry Section
Infantry Section
Vickers Machine Gun Team
Infantry Section
Construct Field Infirmary
Construct Platoon Command Post
Selects Air and Sea Battlegroup
Selects Commando Section Paradrop
Commando Section Paradrop
Selects Supply Surplus
Construct Field Infirmary
Selects M1 Pack Howitzer Paradrop
Forward Retreat Point
6-pounder Anti-tank Gun Team
Selects Centaur Medium Tank
Centaur Medium Tank
Royal Engineer Section
Construct Field Infirmary
Forward Retreat Point
Construct Company Command Post
Selects Naval Bombardment
Naval Bombardment
Unlock M3 Grant Medium Tanks
Matilda II Heavy Tank
Unlock Towed 17-pounder Anti-tank Guns
Commando Section Paradrop
Naval Bombardment
Royal Engineer Section
Selects Incendiary Bombing Run
Incendiary Bombing Run
17-pounder Anti-tank Gun Team
Commando Section Paradrop
Incendiary Bombing Run
Foot Guards Section
M3 Grant Medium Tank
Darkbullet12
Redneck
DeCaHt
cpu-easy
Sticky89
Sengoku10
Zhangjiao
leaf
0
0

Comments sign in to comment!

No comments posted yet!